 Dungeon Crawl Stone Soup version 0.30-a0-365-ge7f957f1db (webtiles) character file.

Game seed: 9428429021642356433

73480 oldriver the Eclecticist (level 15, -14/112 HPs)
             Began as a Mummy Necromancer on Nov 16, 2022.
             Was the Champion of Hepliaklqana.
             Killed from afar by a shock serpent (17 damage)
             ... with a bolt of electricity
             ... on level 2 of the Snake Pit on Nov 17, 2022.
             The game lasted 00:50:56 (25670 turns).

oldriver the Eclecticist (Mummy Necromancer)       Turns: 25670, Time: 00:51:02

Health: -14/112    AC: 16    Str: 13    XL:     15   Next: 4%
Magic:  24/35      EV: 21    Int: 32    God:    Hepliaklqana [******]
Gold:   1000       SH:  7    Dex: 13    Spells: 26/47 levels left

rFire   . . .      SeeInvis .    m - +7 spear of the Ferocious God {drain, Int+6}
rCold   + . .      Faith    +    y - +2 buckler
rNeg    + + +      Spirit   .    z - +2 robe {rF+}
rPois   ∞          Reflect  .    e - +1 helmet
rElec   .          Harm     .    t - +2 cloak
rCorr   .          Rampage  .    H - +2 pair of gloves
Will    +....                    c - +2 pair of boots {Stlth+}
Stlth   ++++......               w - amulet of regeneration
HPRegen 1.18/turn                E - ring of the Hare {EV+8}
MPRegen 0.24/turn                q - +6 ring of intelligence

@: studying Maces & Flails
A: reduced essence, cold resistance 1, negative energy resistance 3, torment
resistance 2, heat vulnerability 1, in touch with death 2, no potions, faith
a: Renounce Religion, Recall Ancestor, Ancestor Identity, Transference, Idealise


You were on level 2 of the Snake Pit.
You worshipped Hepliaklqana.
Hepliaklqana was exalted by your worship.
You visited 5 branches of the dungeon, and saw 23 of its levels.

You collected 2920 gold pieces.
You spent 1920 gold pieces at shops.

Inventory:

Hand Weapons
 m - the +7 spear of the Ferocious God (weapon) {drain, Int+6}
   (You found it on level 3 of the Dungeon)

   A truly terrible weapon, it drains the life of any living foe it strikes.
   Int:       It affects your intelligence (+6).
Armour
 c - a +2 pair of boots of stealth (worn)
 e - a +1 helmet (worn)
 t - a +2 cloak (worn)
 y - a +2 buckler (worn)
 z - a +2 robe of fire resistance (worn)
 H - a +2 pair of gloves (worn)
Magical Staves
 n - a staff of fire
Jewellery
 f - a +4 ring of protection
 q - a +6 ring of intelligence (right hand)
 w - an amulet of regeneration (around neck)
 A - a ring of wizardry
 D - a +6 ring of dexterity
 E - the ring of the Hare (left hand) {EV+8}
   (You bought it in a shop on level 2 of the Orcish Mines)

   [ring of evasion]

   EV:        It affects your evasion (+8).
Wands
 a - a wand of mindburst (16)
 g - a wand of paralysis (10)
 h - a wand of digging (7)
 r - a wand of light (17)
 s - a wand of iceblast (13)
 x - a wand of polymorph (9)
 C - a wand of flame (8)
Scrolls
 b - 4 scrolls of poison
 d - 3 scrolls of magic mapping
 i - 2 scrolls of enchant armour
 j - 3 scrolls of fog
 k - 2 scrolls of enchant weapon
 l - 3 scrolls of blinking
 o - 7 scrolls of identify
 p - 2 scrolls of noise
 u - a scroll of summoning
 v - 3 scrolls of fear
 B - 4 scrolls of teleportation
 G - a scroll of amnesia
Miscellaneous
 F - a phantom mirror


   Skills:
 + Level 13.9 Fighting
 + Level 8.1 Polearms
 + Level 6.5 Armour
 + Level 4.1 Dodging
 - Level 5.0 Stealth
 - Level 5.0 Shields
 + Level 16.6 Spellcasting
 * Level 8.9 Summonings
 - Level 5.0 Necromancy


You had 26 spell levels left.
You knew the following spells:

 Your Spells              Type           Power      Damage    Failure   Level
a - Necrotise             Necr           100%       1d9       1%          1
b - Vampiric Draining     Necr           93%        2d12      1%          3
c - Animate Dead          Necr           93%        N/A       2%          4
d - Searing Ray           Conj           52%        2d6       3%          2
f - Summon Forest         Summ/Tloc      26%        N/A       9%          5
g - Summon Cactus Giant   Summ           35%        N/A       8%          6

Your spell library contained the following spells:

 Spells                   Type           Power      Damage    Failure   Level
 Magic Dart               Conj           100%       1d8       1%          1
 Sting                    Tmut/Pois      100%       1d8       1%          1
 Ensorcelled Hibernation  Hex/Ice        52%        N/A       3%          2
 Poisonous Vapours        Pois/Air       52%        N/A       3%          2
 Summon Ice Beast         Ice/Summ       53%        N/A       3%          4
 Ignite Poison            Fire/Tmut/Pois 26%        N/A       6%          3
 Inner Flame              Hex/Fire       26%        N/A       6%          3
 Kindle Blastsparks       Fire/Tloc/Air  52%        2d14      6%          3
 Anguish                  Hex/Necr       38%        N/A       7%          4
 Agony                    Necr           93%        N/A       7%          5
 Summon Mana Viper        Hex/Summ       53%        N/A       9%          5
 Flame Wave               Conj/Fire      26%        2d8       21%         4
 Fulminant Prism          Conj/Hex       13%        3d8       21%         4
 Leda's Liquefaction      Hex/Erth       13%        N/A       21%         4
 Olgreb's Toxic Radiance  Pois           26%        N/A       21%         4
 Sticky Flame             Conj/Fire      26%        2d5       21%         4
 Monstrous Menagerie      Summ           35%        N/A       38%         7
 Freezing Cloud           Conj/Ice/Air   13%        6-21      50%         5
 Lee's Rapid Deconstruct  Erth           13%        3d9*      50%         5
 Malign Gateway           Summ/Tloc      26%        N/A       95%         7
 Summon Horrible Things   Summ           35%        N/A       97%         8
 Spider Form              Tmut/Pois      Unusable   N/A       N/A         3
 Statue Form              Tmut/Erth      Unusable   N/A       N/A         6

Dungeon Overview and Level Annotations

Branches:
Dungeon (13/15)            Temple (1/1) D:5            Lair (5/5) D:9
 Shoals (0/4) Lair:3        Snake (2/4) Lair:2        Slime (0/5) Lair:5
    Orc (2/2) D:10            Elf (0/3) Orc:2
 Vaults: D:13-14

Altars:
Ashenzari
Cheibriados
Dithmenos
Fedhas
Gozag
Hepliaklqana
Kikubaaqudgha
Makhleb
Nemelex Xobeh
Okawaru
Qazlal
Ru
Sif Muna
Trog
Uskayaw
Vehumet
Wu Jian
Xom
Yredelemnul
Jiyva

Shops:
D:11 (   Orc:1 *   Orc:2 =(*[   Snake:1 *(

Annotations:
D:9 1 runed translucent door, kd29's ghost, novice GrFE
D:13 Urug
Lair:4 2 transporters, Saozxam's ghost, journeyman KoHu


Innate Abilities, Weirdness & Mutations

Your life essence is reduced to manifest your ancestor. (-10% HP)
You are immune to poison.
Your flesh is cold resistant. (rC+)
You are immune to negative energy. (rN+++)
You are immune to unholy pain and torment.
You are vulnerable to heat. (rF-)
You are strongly in touch with the powers of death.
You do not drink.
You have a special connection with the divine. (Faith)


Message History

Press: ? - help, Shift-Dir - straight line, f/p - shock serpent
Aim: a shock serpent (heavily wounded, lightly drained, ally target)
You feel a strong surge of power!
You draw life force from the shock serpent!
You feel life coursing into your body!
The shock serpent's electric aura discharges, shocking you!
The shock serpent shoots out a bolt of lightning at you!
The bolt of electricity hits you.
The bolt of electricity hits Ntombi!!
Ntombi is destroyed!
The bolt of electricity hits you.
The bolt of electricity hits the shock serpent.
The shock serpent completely resists.
Unknown command.
Casting: Vampiric Draining (safe; 1% risk of failure)
Confirm with . or Enter, or press ? or * to list all spells.
Aiming: Vampiric Draining (safe; 1% risk of failure)
Press: ? - help, Shift-Dir - straight line, f/p - shock serpent
Aim: a shock serpent (severely wounded, not watching you, lightly drained, ally target)
You feel a strong surge of power!
You draw life force from the shock serpent!
You feel life coursing into your body.
The shock serpent's electric aura discharges, shocking you!
You block the shock serpent's attack. The shock serpent bites you!
The shock serpent shocks you!
* * * LOW HITPOINT WARNING * * *
Casting: Vampiric Draining (safe; 1% risk of failure)
Confirm with . or Enter, or press ? or * to list all spells.
Aiming: Vampiric Draining (safe; 1% risk of failure)
Press: ? - help, Shift-Dir - straight line, f/p - shock serpent
Aim: a shock serpent (almost dead, lightly drained, ally target)
You feel a strong surge of power!
You draw life force from the shock serpent.
You feel life coursing into your body.
The shock serpent shoots out a bolt of lightning at you!
The bolt of electricity hits you!!
* * * LOW HITPOINT WARNING * * *
The bolt of electricity hits your anaconda zombie.
The bolt of electricity hits your anaconda zombie!!
The bolt of electricity hits you!
You die...

#........##......####
#........##.##..##
#........##.##...####
##.......########....
#.......# ##...
#.Z.....# ##..
##.####.# #..
#.#..### #.. #Z@S...#
#.. #.#..#.# #..
#.#### #.. ... #..
#... ... #..(# .#.
....# .....


You could see a shock serpent (drained, ally target), a friendly anaconda zombie
and a friendly salamander mystic zombie.

Vanquished Creatures
  A hydra (Lair:4)
  Fannar (Lair:2)
  An ice dragon (Lair:4)
  A catoblepas (Lair:1)
  3 anacondas (Snake:1)
  A two-headed ogre (D:8)
  A naga warrior (Snake:1)
  4 orc high priests
  Sonja (D:10)
  Nergalle (D:11)
  3 orc knights
  3 mana vipers
  3 orc sorcerers
  A cyclops (D:11)
  2 ugly things (D:11)
  A manticore (Lair:5)
  4 elephants
  A guardian serpent (Snake:1)
  2 black mambas
  11 cane toads
  A torpor snail (Lair:5)
  2 rime drakes
  3 komodo dragons
  A tengu conjurer (D:11)
  3 trolls
  2 wind drakes (Lair:5)
  11 blink frogs
  2 hornets
  2 slime creatures (D:12)
  2 wraiths
  2 wyverns
  A basilisk (Lair:2)
  18 yaks
  2 steam dragons
  3 wargs (Orc:1)
  A vampire mosquito (D:11)
  2 nagas (Lair:2)
  An acid dragon (D:12)
  Duvessa (D:7)
  7 water moccasins
  A nameless horror (D:11)
  10 orc warriors
  A sky beast (D:7)
  An ice beast (D:5)
  7 ogres
  4 centaurs
  3 wolves
  A kobold brigand (D:6)
  Blork the orc (D:4)
  4 bullfrogs
  A scorpion (D:5)
  A gnoll sergeant (D:5)
  5 wights (D:6)
  Dowan (D:7)
  2 killer bees (D:9)
  5 howler monkeys
  11 electric eels
  2 hounds (D:5)
  14 orc priests
  4 jellies
  6 iguanas
  14 orc wizards
  11 gnolls
  10 adders
  A shadow imp (D:5)
  2 white imps (Lair:4)
  A dart slug (D:5)
  4 worms
  56 orcs
  9 ball pythons
  A bat (D:3)
  8 endoplasms
  2 giant cockroaches
  5 goblins
  7 hobgoblins
  6 jackals
  18 kobolds
  3 quokkas
  7 frilled lizards
  2 rats
365 creatures vanquished.

Vanquished Creatures (collateral kills)
  2 orc warlords
  Snorg (Orc:2)
  An ettin (Orc:1)
  2 hydras
  A catoblepas (Lair:4)
  2 anacondas
  A merfolk avatar (Lair:5)
  A boulder beetle (D:9)
  3 naga warriors
  An orc high priest (Orc:2)
  2 sea snakes (Lair:5)
  A salamander mystic (Snake:2)
  A harpy (Lair:5)
  A deep elf pyromancer (D:11)
  4 orc sorcerers
  A manticore (D:12)
  A salamander (Snake:2)
  9 elephants
  9 black mambas
  A guardian serpent (Snake:1)
  3 naga magi
  3 komodo dragons
  Psyche (D:8)
  An unseen horror (D:12)
  6 cane toads
  3 rime drakes
  A gargoyle (D:10)
  3 trolls
  A polar bear (Lair:5)
  2 slime creatures (D:12)
  9 blink frogs
  A wind drake (Lair:5)
  A wraith (D:12)
  A vampire (D:10)
  5 wyverns
  20 yaks
  A nameless horror (D:12)
  2 basilisks
  2 steam dragons
  3 vampire mosquitoes (D:11)
  5 nagas
  2 acid dragons (D:11)
  5 water moccasins
  A warg (Orc:2)
  17 orc warriors
  A sky beast (D:6)
  A black bear (D:7)
  5 ogres
  3 wolves (Lair:5)
  3 centaurs
  2 kobold brigands (D:8)
  2 bullfrogs
  A gnoll sergeant (D:12)
  2 killer bees (D:9)
  2 electric eels (Lair:2)
  2 howler monkeys
  10 orc priests
  2 jellies
  19 orc wizards
  4 gnolls (D:12)
  28 orcs
  An endoplasm (Lair:5)
  A jackal (D:2)
  3 kobolds (D:8)
  A frilled lizard (D:3)
237 creatures vanquished.

Vanquished Creatures (others)
  A komodo dragon (Lair:5)
  A blink frog (Lair:5)
  A guardian serpent zombie (Snake:1)
  A black mamba zombie (Snake:1)
  2 wind drake zombies (Lair:5)
  3 cane toad zombies
  6 blink frog zombies
  A water moccasin zombie (Lair:5)
  A wyvern zombie (Lair:5)
  2 warg zombies
  12 yak zombies
  5 wolf zombies (Lair:5)
  A centaur zombie (D:8)
  A bullfrog zombie (D:8)
  12 knights
  4 killer bee zombies (D:9)
  5 ogre zombies
  5 ancestors
  4 gnoll zombies
  46 orc zombies
  40 fungi
  74 plants
  3 snaplasher vines
  5 withered plants (D:9)
236 creatures vanquished.

Grand Total: 838 creatures vanquished

Notes
Turn   | Place    | Note
-------+----------+-------------------------------------------
     0 | D:1      | oldriver the Mummy Necromancer began the quest for the Orb.
     0 | D:1      | Reached XP level 1. HP: 13/13 MP: 4/4
   165 | D:1      | Reached skill level 3 in Spellcasting
   170 | D:1      | Reached skill level 1 in Fighting
   220 | D:1      | Reached XP level 2. HP: 21/21 MP: 4/6
   921 | D:2      | Gained mutation: You are in touch with the powers of death.
                  | [Mummy growth]
   921 | D:2      | Reached XP level 3. HP: 27/27 MP: 0/8
  1209 | D:2      | Reached skill level 4 in Spellcasting
  1567 | D:2      | Reached XP level 4. HP: 34/34 MP: 1/10
  2054 | D:3      | Identified the +7 spear of the Ferocious God {drain, Int+6}
  2099 | D:3      | Learned a level 3 spell: Vampiric Draining
  2104 | D:3      | Learned a level 4 spell: Animate Dead
  2125 | D:3      | Found a blossoming altar of Fedhas.
  2126 | D:3      | Found a hide-covered altar of Uskayaw.
  2131 | D:3      | Found a sacrificial altar of Ru.
  2259 | D:3      | Reached XP level 5. HP: 37/41 MP: 8/12
  2399 | D:3      | You fall into a shaft and drop 1 floor!
  2450 | D:4      | Reached skill level 1 in Polearms
  2450 | D:4      | Reached skill level 5 in Spellcasting
  3334 | D:4      | Reached XP level 6. HP: 42/48 MP: 9/14
  3762 | D:4      | Noticed Blork the orc
  3770 | D:4      | Killed Blork the orc
  3967 | D:5      | Entered Level 5 of the Dungeon
  3967 | D:5      | Noticed an ice beast
  3976 | D:4      | Reached skill level 6 in Spellcasting
  3976 | D:4      | Reached XP level 7. HP: 42/54 MP: 9/16
  4035 | D:5      | Found a snail-covered altar of Cheibriados.
  4630 | D:5      | Reached skill level 5 in Necromancy
  4759 | D:5      | Reached skill level 5 in Fighting
  4759 | D:5      | Reached XP level 8. HP: 42/62 MP: 3/18
  4921 | D:5      | Found a staircase to the Ecumenical Temple.
  4957 | Temple   | Entered the Ecumenical Temple
  5014 | Temple   | Became a worshipper of Hepliaklqana the Forgotten
  5662 | D:6      | Reached skill level 7 in Spellcasting
  5892 | D:6      | Identified a scroll of acquirement
  5896 | D:6      | Acquired 813 gold pieces
  6147 | D:6      | Reached skill level 1 in Shields
  6147 | D:6      | Reached skill level 8 in Spellcasting
  6458 | D:6      | Reached XP level 9. HP: 51/69 MP: 9/21
  6980 | D:6      | Reached * piety under Hepliaklqana
  7299 | D:7      | Noticed Dowan
  7300 | D:7      | Noticed Duvessa
  7312 | D:7      | Killed Duvessa
  7315 | D:7      | Killed Dowan
  7741 | D:7      | Noticed a troll
  7751 | D:7      | Killed a troll
  7752 | D:7      | Reached skill level 5 in Polearms
  7752 | D:7      | Reached skill level 9 in Spellcasting
  8343 | D:7      | Reached ** piety under Hepliaklqana
  8694 | D:8      | Noticed a two-headed ogre
  8718 | D:8      | Killed a two-headed ogre
  8730 | D:8      | Reached XP level 10. HP: 63/72 MP: 20/23
  8748 | D:8      | Reached skill level 10 in Spellcasting
  8775 | D:8      | Identified the +3 war axe of Incongruity {vorpal, rF+
                  | Will+}
  8881 | D:8      | Remembered your ancestor Ntombi as a knight
  9104 | D:8      | Noticed Psyche
  9112 | D:8      | Killed Psyche
  9669 | D:8      | Reached *** piety under Hepliaklqana
  9980 | D:9      | Noticed a boulder beetle
 10100 | D:9      | Reached skill level 5 in Shields
 10109 | D:9      | Reached skill level 11 in Spellcasting
 10186 | D:9      | Found an ancient bone altar of Kikubaaqudgha.
 10210 | D:9      | Killed a boulder beetle
 10217 | D:9      | Found a staircase to the Lair.
 10315 | D:9      | Found a shadowy altar of Dithmenos.
 10404 | D:9      | Found a broken altar of Ashenzari.
 10437 | D:9      | Found a runed translucent door.
 10437 | D:9      | Found a shimmering altar of Xom.
 10437 | D:9      | Noticed kd29's ghost (novice GrFE)
 10437 | D:9      | Noticed a +1 war axe of chaos
 10673 | D:10     | Entered Level 10 of the Dungeon
 10674 | D:10     | Found a shimmering altar of Xom.
 10851 | D:10     | Found a staircase to the Orcish Mines.
 10883 | D:10     | Reached skill level 12 in Spellcasting
 10973 | D:10     | Noticed Sonja
 10976 | D:10     | Found a stormy altar of Qazlal.
 10993 | D:10     | Killed Sonja
 10994 | D:10     | Reached skill level 10 in Fighting
 10994 | D:10     | Reached XP level 11. HP: 80/81 MP: 20/27
 11160 | D:10     | Identified the +7 spear of Ijaat {venom, Stlth+}
 11376 | D:10     | Reached **** piety under Hepliaklqana
 11911 | Lair:1   | Entered Level 1 of the Lair of Beasts
 11996 | Lair:1   | Noticed a catoblepas
 12018 | Lair:1   | Killed a catoblepas
 12019 | Lair:1   | Reached skill level 13 in Spellcasting
 12455 | Lair:1   | Reached skill level 14 in Spellcasting
 13706 | D:11     | Reached ***** piety under Hepliaklqana
 13725 | D:11     | Noticed a cyan ugly thing
 13737 | D:11     | Killed a cyan ugly thing
 13738 | D:11     | Reached skill level 1 in Armour
 14195 | D:8      | Learned a level 2 spell: Searing Ray
 14201 | D:8      | Learned a level 5 spell: Summon Forest
 14279 | Lair:2   | Reached XP level 12. HP: 91/91 MP: 24/30
 14307 | Lair:2   | Found a staircase to the Snake Pit.
 14381 | Lair:2   | Noticed Fannar
 14411 | Lair:2   | Killed Fannar
 14412 | Lair:2   | Reached skill level 1 in Summonings
 15369 | Lair:3   | Found a staircase to the Shoals.
 15893 | Lair:3   | Noticed a four-headed hydra
 15901 | Lair:3   | Killed a four-headed hydra
 16454 | Lair:4   | Noticed a seven-headed hydra
 16454 | Lair:4   | Noticed a five-headed hydra
 16465 | Lair:4   | Killed a seven-headed hydra
 16629 | Lair:4   | Noticed a catoblepas
 16653 | Lair:4   | Killed a catoblepas
 16654 | Lair:4   | Reached skill level 15 in Spellcasting
 16758 | Lair:4   | Noticed an ice dragon
 16800 | Lair:4   | Killed an ice dragon
 16915 | Lair:4   | Gained mutation: You are strongly in touch with the powers
                  | of death. [Mummy growth]
 16915 | Lair:4   | Reached XP level 13. HP: 77/98 MP: 32/32
 17023 | Lair:4   | Noticed Saozxam's ghost (journeyman KoHu)
 17042 | Lair:4   | Found a transporter.
 17201 | Lair:4   | Found a transporter.
 17202 | Lair:4   | Reached ****** piety under Hepliaklqana
 17252 | Lair:4   | You fall into a shaft and drop 1 floor!
 17252 | Lair:5   | Entered Level 5 of the Lair of Beasts
 17348 | Lair:5   | Reached skill level 5 in Summonings
 17379 | Lair:5   | Reached skill level 5 in Stealth
 17429 | Lair:5   | Found a staircase to the Slime Pits.
 17430 | Lair:5   | Found a viscous altar of Jiyva.
 18578 | Lair:5   | Identified the +5 mace of Ascent {flame, *Corrode rN+++
                  | MP+9 Dex+2 Stlth-}
 18840 | Lair:5   | Learned a level 6 spell: Summon Cactus Giant
 18997 | Orc:1    | Entered Level 1 of the Orcish Mines
 19211 | Orc:2    | Entered Level 2 of the Orcish Mines
 19227 | Orc:2    | Found a staircase to the Elven Halls.
 19276 | Orc:1    | Reached skill level 5 in Armour
 19991 | Orc:1    | Reached XP level 14. HP: 106/106 MP: 20/33
 20461 | Orc:2    | Paralysed by an orc sorcerer for 2 turns
 20521 | Orc:2    | Reached skill level 16 in Spellcasting
 20759 | Orc:2    | Noticed Snorg
 20772 | Orc:2    | Killed Snorg
 21050 | Orc:2    | Noticed an orc warlord
 21069 | Orc:2    | Killed an orc warlord
 21159 | Orc:2    | Found Xuimunkoufo's General Store.
 21160 | Orc:2    | Found Duma's Jewellery Shop.
 21162 | Orc:2    | Found Gyhab's Antique Armour Boutique.
 21162 | Orc:2    | Found Vudylamp's Antique Weapon Boutique.
 21251 | Orc:2    | Bought the ring of the Hare {EV+8} for 1920 gold pieces
 21251 | Orc:2    | Found the ring of the Hare {EV+8}
 21308 | Orc:1    | Noticed an orc warlord
 21493 | Orc:1    | Killed an orc warlord
 21692 | Orc:1    | Found Xuneygir's General Store.
 22070 | D:11     | Found Kanenn's Weapon Emporium.
 22092 | D:11     | Noticed Nergalle
 22101 | D:11     | Killed Nergalle
 22246 | D:12     | Identified the +2 robe "Koon Xofuoph" {Rampage *Slow Str+3
                  | Dex+5}
 23511 | D:13     | Noticed Urug
 23672 | Snake:1  | Entered Level 1 of the Snake Pit
 24137 | Snake:1  | Found Xeixtinn's Weapon Emporium.
 24141 | Snake:1  | Found Omeh's Assorted Antiques.
 25531 | Snake:2  | Reached XP level 15. HP: 112/112 MP: 13/35
 25670 | Snake:2  | HP: 3/112 [shock serpent/bolt of electricity (26)]
 25670 | Snake:2  | Killed from afar by a shock serpent

Illustrated notes

Levels and vault maps discovered:
D:1:      ncdulo_watergridlock, layout_loops_ring, serial_bayou_crossing
D:2:      layout_basic
D:3:      layout_basic, minitemple, chequers_serial_rivers_micro_c
D:4:      layout_cave_pods, uniq_blork_the_orc
D:5:      layout_layer_cave, lemuel_crystal_altar,
          minmay_temple_entry_sparse_star
D:6:      layout_basic, minmay_manual_mares
D:7:      layout_basic, minivault_22, nrook_mini_backslash, chequers_big_river,
          uniq_duvessa
D:8:      layout_loops_corners, minivault_4, minmay_bent, uniq_psyche
D:9:      layout_small_grid, mainiacjoe_overflow_catwalk,
          kiku_gazebo_garden_becter, nicolae_dithmenos_through_a_glass_darkly,
          dpeg_oklobed_lair, ebering_ghost_xom
D:10:     layout_loops_ring, mainiacjoe_overflow_catwalk_spiral, uniq_sonja
D:11:     minmay_bloctagon_deflated, layout_basic, serial_shops, shop,
          minmay_holes, uniq_nergalle
D:12:     layout_big_octagon
D:13:     layout_roguey, gammafunk_ghost_cemetery, serial_shops,
          nicolae_shop_bloodbath_and_beyond, uniq_urug
Temple:   nicolae_temple_god_jail
Lair:1:   layout_small_grid, nicolae_lair_grove_arrangements,
          infiniplex_staircase_pool_2
Lair:2:   layout_regular_city, guppyfry_snake_entry_garden, serial_bayou,
          serial_bayou_shore_b, serial_bayou_pond_a, serial_bayou_ford_a,
          serial_bayou_pond_b, infiniplex_staircase_pool, grunt_megastairs_3,
          serial_bayou_shore_b, uniq_fannar
Lair:3:   layout_cave_pods, shoals_dummy_entry, serial_bayou_shore_a
Lair:4:   layout_small_grid, nzn_ghost_randoct, bobbens_ice_dragon_lair,
          lemuel_fruit_tree
Lair:5:   gammafunk_lair_ancient_temple, layout_loops_ring,
          nicolae_slime_entry_slimehenge
Snake:1:  layout_basic, nrook_guardian_serpent_ordinary, minmay_shoptagon
Snake:2:  layout_onion, nicolae_coiled_stairwell_down, minmay_shop_grove
Orc:1:    layout_caves, serial_shops, shop, kennysheep_orc_chapel
Orc:2:    st_orc_congregation, layout_caves, uniq_snorg

Skill      XL: |  1  2  3  4  5  6  7  8  9 10 11 12 13 14 |
---------------+-------------------------------------------+-----
Spellcasting   | 3 4 5 6 8 9 12 14 15 16 | 16.6
Fighting       | 1 2 3 4 5 6 7 10 12 13 | 13.9
Polearms       | 1 2 3 4 5 6 7 8 |  8.1
Stealth        | 2 3 4 5 |  5.0
Dodging        | 2 3 4 |  4.1
Necromancy     | 5 |  5.0
Shields        | 1 4 5 |  5.0
Armour         | 1 3 5 6 |  6.5
Summonings     | 4 6 8 |  8.9

Action                   |  1- 3 |  4- 6 |  7- 9 | 10-12 | 13-15 || total
-------------------------+-------+-------+-------+-------+-------++-------
Melee: Unarmed           |     2 |       |       |       |       ||     2
       Spear             |       |    48 |   185 |   398 |   664 ||  1295
 Cast: Necrotise         |    87 |    80 |    87 |   108 |   134 ||   496
       Vampiric Draining |       |     5 |    13 |    36 |   108 ||   162
       Animate Dead      |       |       |     3 |    15 |    14 ||    32
       Summon Forest     |       |       |       |       |    12 ||    12
       Summon Cactus Gia |       |       |       |       |     8 ||     8
Invok: Recall Ancestor   |       |       |       |     5 |     7 ||    12
       Ancestor Life: Kn |       |       |       |     1 |       ||     1
  Use: Scroll            |       |     8 |     2 |     7 |     5 ||    22
 Stab: Sleeping          |       |     1 |     2 |     5 |     5 ||    13
       Distracted        |       |       |     2 |     2 |     8 ||    12
Armor: Robe              |     8 |    12 |    59 |    89 |   272 ||   440
Dodge: Dodged            |    23 |    29 |    84 |   138 |   362 ||   636
Block: Kite shield       |       |       |    55 |   154 |   290 ||   499
       Buckler           |       |       |       |       |    45 ||    45

Table legend: (Time is in decaauts)
 A = Elapsed time spent in this place.
 B = Non-inter-level travel time spent in this place.
 C = Inter-level travel time spent in this place.
 D = Time resting spent in this place.
 E = Time spent auto-exploring this place.
 F = Levels seen in this place.
 G = Mean time per level.
                   A        B        C        D        E       F      G
               +--------+--------+--------+--------+--------+-----+--------+
         Total |  25785 |  24188 |   1597 |   3269 |  15773 |  23 | 1121.1 |
       Dungeon |  14351 |  13433 |    918 |   1412 |   9590 |  13 | 1103.9 |
        Temple |     71 |     35 |     36 |      0 |     24 |   1 |   71.0 |
          Lair |   6573 |   6083 |    490 |    302 |   4310 |   5 | 1314.6 |
     Snake Pit |   1979 |   1933 |     46 |    649 |    898 |   2 |  989.5 |
  Orcish Mines |   2809 |   2703 |    106 |    906 |    951 |   2 | 1404.5 |
               +--------+--------+--------+--------+--------+-----+--------+

Top non-repeatable levels by time:
     D:5: 1808 daAuts
   Orc:1: 1729 daAuts
 Snake:1: 1562 daAuts
     D:8: 1500 daAuts
  Lair:3: 1475 daAuts
     D:6: 1444 daAuts
  Lair:2: 1422 daAuts
    D:10: 1416 daAuts
     D:7: 1375 daAuts
  Lair:4: 1297 daAuts
  Lair:1: 1243 daAuts
     D:4: 1211 daAuts
  Lair:5: 1134 daAuts
    D:11: 1122 daAuts
   Orc:2: 1079 daAuts
